Cogmind - Beta 12 @@@ ROGUE MODE // 2023.07.16 @ 19:57:44 Player: hanzu Result: Destroyed self with Latent Energy Streamer Performance ------------- Evolutions (2) 1000 Regions Visited (7) 1400 Robots Destroyed (110) 550 Value Destroyed (4151) 4151 Prototype IDs (30) 600 Alien Tech Used (0) 0 Bonus (1299) 1299 TOTAL SCORE: 9000 Bonus ------- High Alert Combat Kills 314 Entered Garrisons 200 Used RIF Installer 500 Aligned with FarCom 300 Friendly Fire -15 Cogmind --------- Core Integrity 0/550 Matter 281/300 Energy 115/275 System Corruption 34% Temperature Cool (0) Movement Rolling (140) Ox4 Location -8/Materials Parts ------- > --- POWER (1) -------- Deuterium Engine > --- PROPULSION (2) --- Wheel Wheel (fused) > --- UTILITY (6) ------ Huge Storage Unit Improved Signal Interpreter Hacking Suite Hacking Suite Relay Coupler [Sentry] (9) Relay Coupler [Hunter] (18) > --- WEAPON (2) ------- Latent Energy Streamer Datajack > --- INVENTORY (25) --- Advanced Heat Sink Large Battery (200) Authchip [R/NC] Authchip [R/Combat] Authchip [R/Combat] Authchip [R/Combat] Authchip [R/Combat] Authchip [R/Combat] Authchip [R/Combat] Authchip [R/Combat] Authchip [R/Combat] Authchip [R/Combat] Relay Coupler [NC] (25) Relay Coupler [NC] (25) Relay Coupler [Swarmer] (38) Relay Coupler [Grunt] (21) Relay Coupler [Brawler] (29) Relay Coupler [Brawler] (28) Relay Coupler [Duelist] (28) Relay Coupler [Demolisher] (23) Relay Coupler [Hunter] (12) Lightning Gun Missile Launcher Peak State ------------ > --- POWER ------------ Light Deuterium Engine > --- PROPULSION ------- Wheel Wheel > --- UTILITY ---------- Advanced Heat Sink Advanced Heat Sink Huge Storage Unit Hacking Suite Hacking Suite Relay Coupler [Sentry] > --- WEAPON ----------- Latent Energy Streamer Datajack > --- INVENTORY -------- Huge Storage Unit High-capacity Matter Pod Improved Signal Interpreter Authchip [R/NC] Authchip [R/Combat] Authchip [R/Combat] Authchip [R/Combat] Authchip [R/Combat] Authchip [R/Combat] Relay Coupler [NC] Relay Coupler [NC] Relay Coupler [Swarmer] Relay Coupler [Grunt] Relay Coupler [Brawler] Relay Coupler [Brawler] Relay Coupler [Duelist] Relay Coupler [Sentry] Relay Coupler [Sentry] Relay Coupler [Demolisher] Relay Coupler [Demolisher] Relay Coupler [Hunter] Relay Coupler [Hunter] Lightning Gun Missile Launcher [Rating: 45] Favorites ----------- Power Heavy Ion Engine Engine Heavy Ion Engine Power Core Nuclear Core Propulsion Wheel Wheel Wheel Utility Huge Storage Unit Device Cryofiber Web Storage Huge Storage Unit Processor Advanced Targeting Computer Hackware Hacking Suite Protection Medium Armor Plating Weapon EM Pulse Gun Energy Gun EM Pulse Gun Energy Cannon Latent Energy Streamer Ballistic Gun Gauss Rifle Ballistic Cannon Flak Cannon Launcher Grenade Launcher Special Melee Weapon Datajack Build | -11 -10 -10 -10 -9 -8 -8 -8 ------- Run | Jun Mat Min Exi Min Mat Gar Mat Slots Evolved 4 | . . . . . 4 . . Power . | . . . . . . . . Propulsion . | . . . . . . . . Utility 4 | . . . . . 4 . . Weapon . | . . . . . . . . Parts Attached 80 | 6 9 . . 2 27 32 4 Power 9 | 1 3 . . . 1 3 1 Engine 8 | 1 3 . . . 1 2 1 Core 1 | . . . . . . 1 . Reactor . | . . . . . . . . Propulsion 13 | 2 2 . . . 4 5 . Treads . | . . . . . . . . Leg . | . . . . . . . . Wheel 13 | 2 2 . . . 4 5 . Hover . | . . . . . . . . Flight . | . . . . . . . . Utility 29 | 1 3 . . . 10 12 3 Device 6 | . . . . . 2 3 1 Storage 3 | 1 1 . . . . 1 . Processor 4 | . . . . . 3 1 . Hackware 9 | . . . . . 1 6 2 Protection 7 | . 2 . . . 4 1 . Artifact . | . . . . . . . . Weapon 29 | 2 1 . . 2 12 12 . Energy Gun 6 | 1 . . . 1 . 4 . Energy Cannon 3 | . . . . . 1 2 . Ballistic Gun 3 | 1 . . . . 2 . . Ballistic Cannon 9 | . . . . 1 5 3 . Launcher 7 | . 1 . . . 4 2 . Special Weapon . | . . . . . . . . Impact Weapon . | . . . . . . . . Slashing Weapon . | . . . . . . . . Piercing Weapon . | . . . . . . . . Special Melee Weapon 1 | . . . . . . 1 . Unidentified Prototypes 1 | . 1 . . . . . . Parts Lost 24 | . 1 . . . 13 10 . Power 2 | . 1 . . . . 1 . Propulsion 5 | . . . . . 4 1 . Utility 10 | . . . . . 5 5 . Weapon 7 | . . . . . 4 3 . Highest Loss Streak 6 | . 1 . . . 6 4 . To Critical Strikes . | . . . . . . . . Average Slot Usage (%) 95 | . 98 100 100 100 96 88 99 Engine 9 | . 13 14 14 14 9 3 9 Core 1 | . . . . . . 5 . Wheel 21 | . 28 28 28 28 16 18 18 Device 7 | . . . . . 9 17 . Storage 10 | . 14 14 14 14 9 9 9 Processor 7 | . . . . . 14 8 9 Hackware 7 | . . . . . 9 7 35 Protection 8 | . 12 14 14 14 10 1 . Energy Gun 8 | . 14 14 14 14 1 9 . Energy Cannon 1 | . . . . . 1 1 9 Ballistic Gun 2 | . 5 . . . 5 . . Ballistic Cannon 3 | . . . . . 8 4 . Launcher 4 | . 8 14 14 14 . . . Special Melee Weapon 1 | . . . . . . 1 9 Naked Turns . | . . . . . . . . Heaviest Build 111 | 14 100 100 100 101 111 110 101 Greatest Support 32 | 26 26 20 20 20 32 32 20 Greatest Overweight (x) 10 | . 4 4 4 5 10 4 5 Average Overweight (x) 3 | . 3 4 4 4 4 2 4 Largest Inventory Capacity 25 | 8 25 25 25 25 25 25 25 Average Capacity 24 | 7 24 25 25 25 25 25 25 Most Carried 25 | 5 16 16 17 22 23 25 25 Average Carried 17 | 2 9 16 16 17 17 23 24 Final Capacity 25 | 8 25 25 25 25 25 25 25 Final Carried 25 | 2 16 16 17 20 23 25 23 Class Distribution -------------------- 58% | Mutant 26% | Scavenger-Mutant 12% | Bothacker-Mutant Dominant Class ---------------- Mutant | -10/Materials Mutant | -10/Mines Mutant | -10/Exiles Mutant | -9/Mines Scavenger-Mutant | -8/Materials Mutant | -8/Garrison Bothacker-Mutant | -8/Materials Resources | -11 -10 -10 -10 -9 -8 -8 -8 ----------- Run | Jun Mat Min Exi Min Mat Gar Mat Matter Collected 2556 | 133 353 17 . 138 948 877 90 Remotely . | . . . . . . . . Salvage Created 3302 | . 722 . . 84 1318 894 284 Parts 204 | . 52 . . 7 78 57 10 Haulers Intercepted 4 | . 1 . . . 3 . . Recyclers Shooed . | . . . . . . . . Parts Field Recycled . | . . . . . . . . Retrieved Matter . | . . . . . . . . Parts Self-Destructed . | . . . . . . . . Prevented . | . . . . . . . . Kills | -11 -10 -10 -10 -9 -8 -8 -8 ------- Run | Jun Mat Min Exi Min Mat Gar Mat Combat Hostiles Destroyed 80 | . 16 . . 4 28 28 4 Guns 30 | . 9 . . 1 11 9 . Cannons 25 | . . . . . 15 10 . AOE 22 | . 7 . . 3 2 7 3 Classes Destroyed 17 | . 8 . . . 5 3 1 Worker 6 | . . . . . 5 . 1 Builder 4 | . 1 . . . 3 . . Tunneler 2 | . . . . . 1 . 1 Hauler 4 | . 1 . . . 3 . . Recycler 5 | . 1 . . 1 3 . . Mechanic 1 | . 1 . . . . . . Operator 3 | . 1 . . . 2 . . Watcher 5 | . 3 . . . 2 . . Swarmer 19 | . 6 . . 4 3 6 . Cutter 3 | . . . . . . 3 . Grunt 45 | . 10 . . . 18 14 3 Brawler 1 | . . . . . 1 . . Duelist 1 | . . . . . . . 1 Protector 1 | . . . . . . 1 . Sentry 7 | . . . . . 4 3 . Demolisher 1 | . . . . . . 1 . Hunter 2 | . . . . . 2 . . Best Kill Streak 14 | . 5 . . 4 14 6 2 Combat Bots Only 6 | . 4 . . 4 6 6 2 Max Kills in Single Turn 4 | . 3 . . 2 4 3 1 Gunslinging . | . . . . . . . . Exploded 3 | . 2 . . 2 1 3 1 Melee . | . . . . . . . . Uniques/NPCs Destroyed . | . . . . . . . . Combat | -11 -10 -10 -10 -9 -8 -8 -8 -------- Run | Jun Mat Min Exi Min Mat Gar Mat Damage Taken 3562 | . 513 . . 59 1359 1448 183 Core 713 | . 141 . . 1 197 280 94 Absorbed by Shields . | . . . . . . . . Core Remaining (%) 71 | 100 . . . 43 . . . Volleys Fired 252 | . 65 1 . 16 90 70 10 Largest 2 | . 2 1 . 2 2 2 1 Hottest 112 | . 70 40 . 70 112 110 60 Shots Fired 414 | . 93 1 . 18 176 116 10 Gun 219 | . 78 1 . 10 81 49 . Cannon 160 | . . . . . 87 63 10 Launcher 35 | . 15 . . 8 8 4 . Special . | . . . . . . . . Kinetic 201 | . 22 . . . 122 57 . Thermal 46 | . . . . . 46 . . Explosive 35 | . 15 . . 8 8 4 . Electromagnetic 132 | . 56 1 . 10 . 55 10 Robot Hit Streak 15 | . 8 2 . 3 13 15 1 Robot Miss Streak 10 | . 7 . . 2 10 6 3 Penetration Max . | . . . . . . . . Secondary Targets 3 | . 2 . . . . 1 . Max Gunslinging Chain 1 | . 1 . . . . 1 . Shots Hit Robots 269 | . 52 1 . 8 134 69 5 Core Hits 238 | . 32 1 . 5 133 50 17 Critical Kills . | . . . . . . . . Critical Parts Destroyed 1 | . 1 . . . . . . Critical Strikes 9 | . 1 . . . . 8 . Destroy 1 | . 1 . . . . . . Blast 5 | . . . . . . 5 . Corrupt 3 | . . . . . . 3 . Melee Attacks 8 | . . . . . . 3 5 Impact . | . . . . . . . . Slashing . | . . . . . . . . Piercing . | . . . . . . . . Sneak Attacks 1 | . . . . . . . 1 Combat Hostiles . | . . . . . . . . Follow-up Attacks . | . . . . . . . . Damage Inflicted 8005 | . 1322 13 . 393 3177 2415 685 Guns 2416 | . 744 13 . 87 887 685 . Cannons 2190 | . . . . . 1272 899 19 Explosions 3399 | . 578 . . 306 1018 831 666 Melee . | . . . . . . . . Ramming . | . . . . . . . . Kinetic 2579 | . 176 . . . 1520 883 . Thermal 797 | . 120 . . . 639 38 . Explosive 2164 | . 458 . . 306 1018 382 . Electromagnetic 2465 | . 568 13 . 87 . 1112 685 Impact . | . . . . . . . . Slashing . | . . . . . . . . Piercing . | . . . . . . . . Highest Corruption 31 | . . . . . . 13 31 Average Corruption 9 | . . . . . . 5 21 Corruption Purged . | . . . . . . . . Corruption Blocked . | . . . . . . . . Effects 57 | . . . . . . 38 19 Message Errors 14 | . . . . . . 7 7 Matter Fused 10 | . . . . . . 8 2 Heat Flow Errors 6 | . . . . . . 5 1 Energy Discharges 5 | . . . . . . 3 2 Parts Fused 2 | . . . . . . 2 . Data Loss (minor) 12 | . . . . . . 10 2 Data Loss (major) 3 | . . . . . . . 3 Alerts 2 | . . . . . . 1 1 Misdirections 1 | . . . . . . . 1 Weapon Failures 2 | . . . . . . 2 . Overload Shots . | . . . . . . . . Overflow Damage 69 | . 13 . . 7 12 24 13 Projectiles 24 | . . . . . . 24 . Explosions 45 | . 13 . . 7 12 . 13 Melee . | . . . . . . . . Knockbacks 30 | . . . . . 21 9 . Impact . | . . . . . . . . Kinetic 29 | . . . . . 20 9 . Secondary 1 | . . . . . 1 . . Self-Inflicted Damage 273 | . 85 . . 5 47 . 136 Shots 9 | . 4 . . 1 2 . 2 Rammed . | . . . . . . . . Targets Rammed . | . . . . . . . . Kicked . | . . . . . . . . Crushed . | . . . . . . . . Highest Temperature 449 | . 171 8 . 74 449 152 130 Average Temperature 87 | . 34 6 . 31 144 51 24 Received Heat Transfer 1263 | . 216 . . . 576 435 36 Effects 3 | . . . . . 3 . . Interference 2 | . . . . . 2 . . Damage (minor) 1 | . . . . . 1 . . Siege Activations . | . . . . . . . . Robots Corrupted 3 | . . . . . . 2 1 Combat Hostiles 3 | . . . . . . 2 1 Parts Fried 11 | . 3 . . . . 4 4 Impact Corruptions . | . . . . . . . . Robots Melted . | . . . . . . . . Combat Hostiles . | . . . . . . . . Parts Melted . | . . . . . . . . Heat Transferred 1086 | . 100 . . . 911 75 . Parts Sabotaged . | . . . . . . . . Parts Stolen . | . . . . . . . . Parts Stripped . | . . . . . . . . Power Chain Reactions 4 | . 3 . . . . 1 . Missiles Intercepted . | . . . . . . . . Latent Energy Used 1698 | . . . . . . 693 1005 LE Corruption 32 | . . . . . . 13 19 Alert | -11 -10 -10 -10 -9 -8 -8 -8 ------- Run | Jun Mat Min Exi Min Mat Gar Mat Peak Influence 1159 | . 326 83 . 165 453 1159 757 Initial 564 | . . 83 . . 64 152 564 Average 371 | . 150 83 . 97 272 709 670 Maximum Alert Level 4 | . 1 . . . 2 4 3 Low Security (%) 33 | 100 55 100 . 100 22 7 . Level 1 34 | . 44 . . . 65 13 . Level 2 13 | . . . . . 12 22 56 Level 3 15 | . . . . . . 45 43 Level 4 2 | . . . . . . 10 . Level 5 . | . . . . . . . . High Security . | . . . . . . . . Max Security . | . . . . . . . . Squads Dispatched 10 | . 4 . . . 5 . 1 Investigation 7 | . 3 . . . 3 . 1 Extermination . | . . . . . . . . Reinforcement 3 | . 1 . . . 2 . . Assault . | . . . . . . . . Garrison . | . . . . . . . . Intercept . | . . . . . . . . Searches Triggered . | . . . . . . . . Construction Impeded . | . . . . . . . . Haulers Reinforced . | . . . . . . . . Active Scanning Responses . | . . . . . . . . Cargo Convoy Interrupts . | . . . . . . . . Stealth | -11 -10 -10 -10 -9 -8 -8 -8 --------- Run | Jun Mat Min Exi Min Mat Gar Mat Distress Signals 9 | . . . . . 7 . 2 Communications Jammed . | . . . . . . . . Distress Signals . | . . . . . . . . Times Spotted 117 | . 28 . . 4 42 34 9 Peak Tracking Total 7 | . 4 . . 4 7 6 3 Tactical Retreats 6 | . 1 . . . . 4 1 Traps | -11 -10 -10 -10 -9 -8 -8 -8 ------- Run | Jun Mat Min Exi Min Mat Gar Mat Traps Triggered 8 | . 1 . . . . 4 3 Indirectly 1 | . . . . . . . 1 Trap Hack Attempts . | . . . . . . . . Triggered . | . . . . . . . . Disarmed . | . . . . . . . . Reprogrammed . | . . . . . . . . Reused . | . . . . . . . . Traps Extracted . | . . . . . . . . Installed . | . . . . . . . . Triggered . | . . . . . . . . Machines | -11 -10 -10 -10 -9 -8 -8 -8 ---------- Run | Jun Mat Min Exi Min Mat Gar Mat Machines Disabled 13 | . 1 . . 3 3 6 . Max in Single Turn 3 | . 1 . . 3 1 1 . Garrison Relay 5 | . . . . . . 5 . Machines Repaired . | . . . . . . . . Machines Sabotaged . | . . . . . . . . Overloaded Fab Kills . | . . . . . . . . Hacking | -11 -10 -10 -10 -9 -8 -8 -8 --------- Run | Jun Mat Min Exi Min Mat Gar Mat Machines Accessed 20 | . 7 . 2 . 9 1 1 Terminals 13 | . 6 . . . 6 1 . Fabricators . | . . . . . . . . Repair Stations . | . . . . . . . . Recycling Units 2 | . 1 . . . 1 . . Scanalyzers 2 | . . . . . 1 . 1 Garrison Access 1 | . . . . . 1 . . Total Hacks 67 | . 20 . 2 . 35 1 9 Successful 40 | . 10 . 2 . 18 1 9 Failed 25 | . 9 . . . 16 . . Catastrophic 1 | . 1 . . . . . . Database Lockouts 2 | . 1 . . . 1 . . Manual 45 | . 14 . 1 . 30 . . Terminals 49 | . 17 . . . 31 1 . Fabricators . | . . . . . . . . Repair Stations . | . . . . . . . . Recycling Units 5 | . 3 . . . 2 . . Scanalyzers 10 | . . . . . 1 . 9 Garrison Access 1 | . . . . . 1 . . Terminal Hacks 21 | . 5 . 2 . 13 1 . Record 1 | . . . 1 . . . . Robot Schematic 4 | . . . . . 4 . . Robot Analysis 8 | . 3 . . . 5 . . Prototype ID Bank 3 | . 1 . . . 2 . . Alert Level 2 | . 1 . . . 1 . . Unreport Threat 1 | . . . . . 1 . . Garrison Registry 1 | . . . . . . 1 . EX-Prototype ID Bank 1 | . . . 1 . . . . Fabricator Hacks . | . . . . . . . . Repair Station Hacks . | . . . . . . . . Recycling Unit Hacks 1 | . 1 . . . . . . Retrieve Components 1 | . 1 . . . . . . Scanalyzer 9 | . . . . . . . 9 Insert Component 4 | . . . . . . . 4 Analyze 5 | . . . . . . . 5 Garrison Access Hacks 1 | . . . . . 1 . . Unlock Access 1 | . . . . . 1 . . Unauthorized Hacks 8 | . 4 . . . 4 . . Terminals 6 | . 3 . . . 3 . . Assimilate 1 | . . . . . 1 . . Botnet 5 | . 3 . . . 2 . . Fabricators . | . . . . . . . . Repair Stations . | . . . . . . . . Recycling Units 2 | . 1 . . . 1 . . Recyclers 1 | . 1 . . . . . . Mask 1 | . . . . . 1 . . Scanalyzers . | . . . . . . . . Garrison Access . | . . . . . . . . Data Cores Recovered . | . . . . . . . . Used . | . . . . . . . . Hacking Detections 17 | . 7 . . . 8 1 1 Full Trace Events 7 | . 4 . . . 3 . . Feedback Events . | . . . . . . . . Feedback Blocked . | . . . . . . . . Robot Schematics Acquired 4 | . . . . . 4 . . Robots Built . | . . . . . . . . Authchips . | . . . . . . . . Time . | . . . . . . . . Total Robot Build Rating . | . . . . . . . . Part Schematics Acquired 3 | . . . . . . . 3 Parts Built . | . . . . . . . . Authchips . | . . . . . . . . Time . | . . . . . . . . Total Part Build Rating . | . . . . . . . . Parts Repaired . | . . . . . . . . Time . | . . . . . . . . Parts Recycled . | . . . . . . . . Recycled Matter . | . . . . . . . . Retrieved Matter . | . . . . . . . . Retrieved Components 10 | . 10 . . . . . . Parts Scanalyzed 4 | . . . . . . . 4 Part Schematics Acquired 3 | . . . . . . . 3 Parts Damaged 1 | . . . . . . . 1 Bothacking | -11 -10 -10 -10 -9 -8 -8 -8 ------------ Run | Jun Mat Min Exi Min Mat Gar Mat Used RIF Installer 1 | . . . . . . 1 . Robots Hacked 6 | . . . . . . 2 4 Non-combat 2 | . . . . . . . 2 Combat 4 | . . . . . . 2 2 Robot Hacks Applied 7 | . . . . . . 3 4 parse_system 1 | . . . . . . . 1 ignore_repairs 1 | . . . . . . . 1 find_shortcuts 1 | . . . . . . 1 . formatsys_high 4 | . . . . . . 2 2 Relay Couplers Released 22 | . . . . . . 22 . Machine Destruction 22 | . . . . . . 22 . Attached 5 | . . . . . . 3 2 Fabnet Peak Effective % . | . . . . . . . . Robots Rewired . | . . . . . . . . Allies Hacked . | . . . . . . . . Hacks Repelled . | . . . . . . . . Allies | -11 -10 -10 -10 -9 -8 -8 -8 -------- Run | Jun Mat Min Exi Min Mat Gar Mat Total Allies 5 | . . . . . 1 2 2 Largest Group 2 | . . . . . 1 2 1 Highest-Rated Group 30 | . . . . . 10 30 15 Highest-Rated Ally 15 | . . . . . 10 15 15 Total Orders 12 | . . . . . 6 5 1 STAY 7 | . . . . . 3 3 1 FOLLOW 5 | . . . . . 3 2 . Ally Attacks 5 | . . . . . . 4 1 Total Damage 79 | . . . . . . 65 14 Kills . | . . . . . . . . Allies Corrupted . | . . . . . . . . Allies Melted . | . . . . . . . . Intel | -11 -10 -10 -10 -9 -8 -8 -8 ------- Run | Jun Mat Min Exi Min Mat Gar Mat Robot Analysis Total 8 | . 3 . . . 5 . . Derelict Logs Recovered . | . . . . . . . . Drone Launches . | . . . . . . . . Drone Recoveries . | . . . . . . . . Exploration | -11 -10 -10 -10 -9 -8 -8 -8 ------------- Run | Jun Mat Min Exi Min Mat Gar Mat Turns Passed 5716 | 41 1258 260 295 318 1667 1476 401 Spaces Moved 3186 | 33 747 185 211 179 821 784 226 Core 5 | 5 . . . . . . . Treads . | . . . . . . . . Legs . | . . . . . . . . Wheels 3181 | 28 747 185 211 179 821 784 226 Hover . | . . . . . . . . Flight . | . . . . . . . . Fastest Speed 50 | 50 90 140 140 140 130 130 140 Average Speed 142 | 83 138 140 140 140 150 142 140 Slowest Speed 230 | 90 140 140 140 155 230 145 155 Overloaded Moves . | . . . . . . . . Propulsion Burnouts . | . . . . . . . . Robots Hopped . | . . . . . . . . Cave-ins Triggered . | . . . . . . . . Exploration Rate (%) 46 | 3 94 45 61 36 50 65 16 Regions Visited 7 Branch Regions 3 Pre-discovered Areas 2 | . . 1 1 . . . . Known Exits Taken 1 | . . . . . 1 . . Unknown Exits Taken 5 | 1 1 1 1 1 . . . Scrap Searched 2 | . . 1 . 1 . . . Spaces Dug 5 | . . . . . 5 . . Terrain Destroyed 393 | . 152 . . 59 54 60 68 Melee . | . . . . . . . . Projectile 6 | . . . . . 6 . . AOE 387 | . 152 . . 59 48 60 68 Terrain Rammed . | . . . . . . . . Walls Destroyed . | . . . . . . . . Machines Disabled . | . . . . . . . . Actions | -11 -10 -10 -10 -9 -8 -8 -8 --------- Run | Jun Mat Min Exi Min Mat Gar Mat Total 3967 | 46 882 185 211 229 1083 1029 302 Wait 283 | . 30 . . 27 98 84 44 Move 3178 | 32 746 184 210 178 820 782 226 Hop . | . . . . . . . . Pick Up 110 | 8 24 . 1 4 34 34 5 Fast Attach . | . . . . . . . . Attach 61 | 6 6 . . 2 22 23 2 Detach 1 | . . . . 1 . . . Swap 20 | . 3 . . . 5 10 2 Drop 47 | . 8 . . 1 14 18 6 Fire 252 | . 65 1 . 16 90 70 10 Melee 8 | . . . . . . 3 5 Ram . | . . . . . . . . Kick . | . . . . . . . . Crush . | . . . . . . . . Escape Stasis . | . . . . . . . . Rewire 7 | . . . . . . 5 2 Trap . | . . . . . . . . Miscellaneous . | . . . . . . . . Route ------- -11/Junkyard -10/Materials (discovered 5 exits: [*Mat x3] / [*Min x2]) -10/Mines (discovered 2 exits: [*Mat] / *Exi) -10/Exiles -9/Mines -8/Materials (discovered 2 exits: [*Fac] / Gar) -8/Garrison (discovered 3 exits: *Mat x3) -8/Materials History --------- Turn | Location | Event 15 | -11/Junkyard | Discovered new exit (range 16) 42 | -11/Junkyard | Entered Materials 59 | -10/Materials | Discovered new exit (range 16) 277 | -10/Materials | Discovered new exit (range 13) 279 | -10/Materials | Core integrity fell below 50% 305 | -10/Materials | Build established: Mutant 616 | -10/Materials | Discovered new exit (range 10) 923 | -10/Materials | Discovered new exit (range 16) 984 | -10/Materials | Discovered new exit (range 14) 1231 | -10/Materials | Central database locked down 1300 | -10/Materials | Entered Mines 1473 | -10/Mines | Discovered new exit (range 6) 1474 | -10/Mines | Learned location of Storage (-7) 1553 | -10/Mines | Deemed a non-threat by the Exiles lab entrance 1554 | -10/Mines | Discovered new exit (range 5) 1560 | -10/Mines | Entered Exiles 1598 | -10/Exiles | Met 8R-AWN 1619 | -10/Exiles | Met EX-HEX 1657 | -10/Exiles | Met EX-BIN 1674 | -10/Exiles | Aligned with FarCom system 1675 | -10/Exiles | Given EX-Vault access code 1710 | -10/Exiles | Opened EX-Vault 1719 | -10/Exiles | Found Latent Energy Streamer 1748 | -10/Exiles | Warned to stay clear of 0b10 Research branches 1790 | -10/Exiles | Met EX-DEC 1802 | -10/Exiles | Learned location of Zion (-6) 1844 | -10/Exiles | Discovered new exit (range 10) 1855 | -10/Exiles | Left Exiles lab with Latent Energy Streamer 1855 | -10/Exiles | Entered Mines 2161 | -9/Mines | Discovered new exit (range 7) 2173 | -9/Mines | Entered Materials 2173 | -8/Materials | Evolved 4 slots: Utility x4 2542 | -8/Materials | Lost 5 parts (1n2u2w) 2728 | -8/Materials | Build established: Scavenger-Mutant 3158 | -8/Materials | Central database locked down 3387 | -8/Materials | Lost 6 parts (2n2u2w) 3595 | -8/Materials | Discovered new exit (range 16) 3838 | -8/Materials | Identified exit to Garrison 3840 | -8/Materials | Entered Garrison 3840 | -8/Garrison | Accompanied by 1 ally 3926 | -8/Garrison | Triggered checkpoint 3954 | -8/Garrison | Garrison Relay disabled 4000 | -8/Garrison | Spotted B-75 Beast 4079 | -8/Garrison | Triggered checkpoint 4109 | -8/Garrison | Core integrity fell below 50% 4141 | -8/Garrison | Lost 4 parts (4u) 4194 | -8/Garrison | Triggered checkpoint 4198 | -8/Garrison | Triggered checkpoint 4256 | -8/Garrison | Triggered checkpoint 4259 | -8/Garrison | Build established: Mutant 4350 | -8/Garrison | Spotted B-75 Beast 4351 | -8/Garrison | Spotted B-75 Beast 4409 | -8/Garrison | Garrison Relay disabled 4496 | -8/Garrison | Garrison Relay disabled 4554 | -8/Garrison | Core integrity fell below 20% 4597 | -8/Garrison | Discovered new exit (range 15) 4754 | -8/Garrison | Triggered checkpoint 4786 | -8/Garrison | Triggered checkpoint 4889 | -8/Garrison | Garrison Relay disabled 5025 | -8/Garrison | Installed Relay Interface Framework 5088 | -8/Garrison | Discovered new exit (range 61) 5088 | -8/Garrison | Discovered new exit (range 26) 5088 | -8/Garrison | Discovered new exit (range 19) 5129 | -8/Garrison | Garrison Relay disabled 5132 | -8/Garrison | Triggered checkpoint 5171 | -8/Garrison | System corruption reached 10% 5313 | -8/Garrison | Identified exit to Materials 5316 | -8/Garrison | Entered Materials 5325 | -8/Materials | Build established: Bothacker-Mutant 5645 | -8/Materials | System corruption reached 30% 5717 | -8/Materials | Destroyed self with Latent Energy Streamer Last Messages --------------- 05656_ Defender 3c destroyed. 05658_ K-01 Serf collects debris. 05664_ Discarded Relay Coupler [Sentry]. 05665_ System corrupted: Matter fused (-9). 05677_ K-01 Serf collects debris. 05680_ System corrupted: Substantial component data lost. 05683_ W-25 Informer sends out distress signal. 05683_ Jacked W-25 Informer... >>parse_system Reading system data... 05698_ System corrupted: Substantial component data lost. 05709_ Jacked Y-45 Defender... >>formatsys_high Rerouting network defenses. Erasing system data. Installing primary routines, ETC: 6. 05710_ Reactivated Defender 3d. 05717_ Destroyed Wheel. 05717_ T-07 Excavator destroyed. 05717_ Shock Trap short circuited. Map ----- +----------------------------------------------------+ | ????????????????????# # # | | ????????????????????####+########## # # | | ??????????????????????????????????## ## =# | | ???????????????????????????????????# #" %###### | | ???????????????????????????????????# #" [# ???? | | ???????????????????????????????????# #" ####?? | | ???????????????????????????????????# # ###### | | ???????????????????????????????????# ## % | | ????????????????????????????######## "# =% | | ????????????????????????????# " "# | | ????????????????????????????# === " "# #### | | ????????????????????????????# == " "## #??? | | ??????????????g?????????????# == " "# ##??? | | ????????????????????????w???# " "######???? | | ?????????????????????????#+## # "#????????? | | ??????????????l??????????# ######### ##????????? | | ?????????????????????????# ## # #?????????? | | ?????????????????????????# ## # #?????????? | | ?????????????????????????# ## "" # #?????????? | | ??????????????w??????????# ## """ + #?????????? | | ?????????????????????????# ## S" # #?????????? | | ?????????????????????????# ## # #?????????? | | ?????????????????????????# ;#;;;#### ###???????? | | ?????????????????######### % b ??? | | ?????????????????# # * ??? | | ?????????????????# "Y" @ |% g ??? | | ?????????????????# """ ; ;;;;########+######???? | | ?????????????????# Y ; ; #????????????????? | | ?????????????????########;;## ##????????????????? | | ??????????????????# = #?##?????????????????? | | ??????????????????# #????????????????????? | | ??????????????????# """ #????????????????????? | | ??????????????????# """"" =#????????????????????? | | ??????????????????# """"" #????????????????????? | | ??????????????????# """"" #????????????????????? | | ???????????????????? """ =#????????????????????? | | ?????????????????????? #????????????????????? | | ???????????????????????#+####????????????????????? | | ?????????????????????????????????????????????????? | | ??????????????????????????????o????Y?????????????? | | ?????????????????????????????????????????????????? | | ?????????????????????????????????????????????????? | | ???????????????????????Y?????????????????????????? | | ?????????????????????????????????????????????????? | | ?????????????????????????????????????????????????? | | ?????????????????????????????????????????????????? | | ?????????????????????????????????????????????????? | | ?????????????????????????????????????????????????? | | ?????????????????????????????????????????????????? | | ?????????????????????????????????????????????????? | +----------------------------------------------------+ Best States ------------- Heat Dissipation 69 Energy Generation 14 Energy Capacity 280 Matter Stores 300 Matter Capacity 300 Sight Range 16 Terrain Scan Density 10 Base Temperature (-) 100 Armor Coverage 450 Resistance: EM 15 Evasion (%) 42 Targeting Accuracy 8 Offensive Hacking 20 Relay Coupler Types 2 Relay Coupler Value 40 Authchip Count 10 Item Schematics ----------------- Adv. Heat Sink | -8/Materials | Scanalyzed Missile Launcher | -8/Materials | Scanalyzed Hcp. Matter Pod | -8/Materials | Scanalyzed Robot Schematics ------------------ H-55 Commando | -8/Materials | Hacked O-24 Administrator | -8/Materials | Hacked M-28 Smith | -8/Materials | Hacked I-25 Savior | -8/Materials | Hacked Fabricated ------------ Nothing Alien Tech Used ----------------- None Achievements -------------- None Challenges ------------ None Game ------ Seed SchematicDefenseExoskeleton Manual? 0 Play Time 00:45:03 Cumulative 147.3 hours Start 2023.07.16 @ 19:12:52 End 2023.07.16 @ 19:57:44 Sessions 1 Manual Loads 0 Difficulty Rogue Special Mode None Game No. 133 Rogue 133 Adventurer 0 Explorer 0 Win Type - Total 1 Types 1/0/0/0/0/0/0/0/0 Lore% 54 Gallery% 66 Achievement% 53 Wizard Run 0 Options --------- ASCII 0 Keyboard 0 Movement Numpad Keybinds 0 Fullscreen 2 Font 18/Smallcaps Map View 76x50 Tactical HUD 1 Map Filters NONE Filters NONE Steam 1 RUN: f9f298fb-b86a-4cfc-8919-1a127a6b4a48